 Dungeon Crawl Stone Soup version 0.29-a0-789-g7a8fcbc185 (webtiles) character file.

Game seed: 14593361951856317914

343 gruber the Skirmisher (level 6, -3/50 HPs)
             Began as a Minotaur Hunter on July 2, 2022.
             Slain by a river rat (6 damage)
             ... summoned by Eustachio
             ... on level 5 of the Dungeon.
             The game lasted 00:03:02 (3574 turns).

gruber the Skirmisher (Minotaur Hunter)             Turns: 3574, Time: 00:03:03

Health: -3/50      AC:  4    Str: 16      XL:     6   Next: 31%
Magic:  5/5        EV: 12    Int:  6      God:
Gold:   214        SH:  0    Dex: 14 (15) Spells: 5/5 levels left

rFire   . . .      SeeInvis .   a - +0 shortbow
rCold   . . .      Faith    .   (shield currently unavailable)
rNeg    . . .      Spirit   .   c - +0 leather armour
rPois   .          Reflect  .   u - +1 hat
rElec   .          Harm     .   (no cloak)
rCorr   .          Rampage  .   (no gloves)
Will    .....                   (no boots)
Stlth   +.........              (no amulet)
HPRegen 0.16/turn               (no ring)
MPRegen 0.09/turn               (no ring)

@: no status effects
A: horns 2, retaliatory headbutt
a: no special abilities


You were on level 5 of the Dungeon.
You visited 1 branch of the dungeon, and saw 5 of its levels.

You collected 214 gold pieces.

Inventory:

Hand Weapons
 a - a +0 shortbow (weapon)
 d - a +0 short sword of holy wrath
 i - a +2 dagger of freezing
 n - a +0 whip of electrocution
Armour
 c - a +0 leather armour (worn)
 u - a +1 hat (worn)
Scrolls
 b - a scroll of immolation
 e - 2 scrolls of fear {unknown}
 g - a scroll of noise {unknown}
 h - a scroll of vulnerability {unknown}
 j - a scroll of enchant weapon {unknown}
 l - 4 scrolls of identify {unknown}
 p - a scroll of amnesia {unknown}
 r - a scroll of acquirement {unknown}
 s - a scroll of enchant armour {unknown}
 t - a scroll of poison {unknown}
 v - a scroll of summoning {unknown}
Potions
 f - a potion of invisibility {unknown}
 k - a potion of haste {unknown}
 m - 3 potions of might {unknown}
 o - a potion of curing {unknown}
 q - a potion of flight {unknown}
 w - a potion of resistance {unknown}


   Skills:
 - Level 2.4 Fighting
 + Level 8.4 Ranged Weapons
 - Level 2.1 Dodging
 - Level 0.7 Stealth


You had 5 spell levels left.
You didn't know any spells.
Your spell library contained the following spells:

 Spells                   Type           Power      Damage    Failure   Level
 Sting                    Tmut/Pois      0%         1d3       52%         1
 Summon Small Mammal      Summ           0%         N/A       52%         1
 Poisonous Vapours        Pois/Air       0%         N/A       67%         2
 Call Canine Familiar     Summ           0%         N/A       88%         3
 Summon Guardian Golem    Hex/Summ       0%         N/A       88%         3
 Olgreb's Toxic Radiance  Pois           0%         N/A       99%         4


Dungeon Overview and Level Annotations

Branches:
Dungeon (5/15)             Temple (0/1) D:5

Altars:
Cheibriados
Ru
The Shining One

Shops:
D:4 =

Annotations:
D:5 Eustachio


Innate Abilities, Weirdness & Mutations

You have a pair of horns on your head.
You reflexively headbutt those who attack you in melee.


Message History

The quasit misses you. The quasit claws you.
You feel clumsy. The quasit closely misses you. The river rat bites you.
* * * LOW HITPOINT WARNING * * *
Eustachio casts a spell.
Eustachio blinks!
The quokka bites you but does no damage.
The ufetubus barely misses you. You furiously retaliate!
You headbutt the ufetubus. The ufetubus hits you.
* * * LOW HITPOINT WARNING * * *
The river rat bites you.
* * * LOW HITPOINT WARNING * * *
The quasit bites you but does no damage.
The quasit closely misses you. The quasit barely misses you.
The white imp closely misses you. You furiously retaliate!
You headbutt the white imp! The quokka closely misses you.
You furiously retaliate!
You headbutt the quokka!
You kill the quokka!
The quokka's corpse disappears in a puff of smoke!
Eustachio gestures wildly while chanting.
Unknown command.
Unknown command.
Your +0 whip of electrocution stops crackling.
a - a +0 shortbow (weapon)
The ufetubus hits you.
* * * LOW HITPOINT WARNING * * *
The ufetubus completely misses you.
Unknown command.
Unknown command.
Unknown command.
Fire: a) +0 shortbow
Press: ? - help, Q - select action Shift-Dir - straight line, f/p - Eustachio
Aim: Eustachio, wielding a +0 rapier and wearing a +0 leather armour (almost dead)
You shoot an arrow. The arrow hits Eustachio.
Eustachio is almost dead.
The ufetubus misses you.
The ufetubus hits you but does no damage.
The quasit closely misses you. The quasit barely misses you.
The quasit closely misses you. The river rat bites you.
You die...

#.#5..##.# .##.# #.###....##
..#.# ##...###5..# #.#.#
#.......5#.# #.#.#
#..>..##...# #.#.#
......#..### #.#.#
##...##§############...#####
## #..###§5[......#....... .
#....5@5.......+.>.....
#.....####r........#.......
##.#.# #.b.......#.......
#... ##.....####.)..... ####
#...@.####...[...
#.....'..........
#.....####....... #.....#
#....... #..(..# #.......


You could see Eustachio, a quasit (summoned), a river rat (summoned), a white
imp (summoned), an ufetubus (summoned) and a bat (summoned).

Vanquished Creatures
  A water moccasin (D:5)
  3 hounds (D:5)
  A gnoll (D:3)
  3 adders
  4 worms
  3 dart slugs
  9 orcs
  8 ball pythons
  6 bats
  5 endoplasms
  3 giant cockroaches
  9 hobgoblins
  2 jackals (D:4)
  5 quokkas
  4 frilled lizards
  8 goblins
  7 kobolds
  6 rats
87 creatures vanquished.

Notes
Turn   | Place    | Note
-------+----------+-------------------------------------------
     0 | D:1      | gruber the Minotaur Hunter began the quest for the Orb.
     0 | D:1      | Reached XP level 1. HP: 18/18 MP: 0/0
   235 | D:1      | Reached XP level 2. HP: 25/25 MP: 1/1
   247 | D:1      | Reached skill level 5 in Ranged Weapons
   250 | D:1      | Found a faded altar of an unknown god.
   750 | D:1      | Reached XP level 3. HP: 27/30 MP: 2/2
  1643 | D:3      | Reached skill level 6 in Ranged Weapons
  1698 | D:3      | Found a glowing golden altar of the Shining One.
  1718 | D:3      | Reached XP level 4. HP: 32/37 MP: 3/3
  2422 | D:4      | Found Qixoezin's Jewellery Shoppe.
  2477 | D:4      | Found a sacrificial altar of Ru.
  2716 | D:4      | Reached skill level 7 in Ranged Weapons
  2716 | D:4      | Reached XP level 5. HP: 37/42 MP: 4/4
  2770 | D:4      | Found a snail-covered altar of Cheibriados.
  3164 | D:5      | Entered Level 5 of the Dungeon
  3169 | D:5      | Noticed a water moccasin
  3179 | D:5      | Killed a water moccasin
  3304 | D:5      | Reached skill level 8 in Ranged Weapons
  3304 | D:5      | Reached XP level 6. HP: 41/50 MP: 5/5
  3529 | D:5      | Found a staircase to the Ecumenical Temple.
  3537 | D:5      | Noticed Eustachio
  3574 | D:5      | Slain by a river rat

Illustrated notes

Levels and vault maps discovered:
D:1:      dpeg_arrival_stonehenge_8_columns, layout_loops_cross,
          hellmonk_ecumenical_altar_arch_garden
D:2:      layout_basic
D:3:      layout_rooms, lemuel_doored_altar, st_stairs_2, minmay_misc_feat_alley
D:4:      layout_cave_pods, slow_altar_2, mainiacjoe_overflow_brackets,
          serial_shops, nicolae_shop_crystal, minmay_misc_feat_x,
          kennysheep_another_room
D:5:      layout_basic, mainiacjoe_overflow_alcove_1,
          minmay_temple_entry_slanted, uniq_ijyb, uniq_eustachio

Skill      XL: |  1  2  3  4  5 |
---------------+----------------+-----
Ranged Weapons | 5 6 7 8 |  8.4
Fighting       | |  2.4
Dodging        | |  2.1
Stealth        | |  0.7

Action                   |  1- 3 |  4- 6 || total
-------------------------+-------+-------++-------
Melee: Whip              |       |    25 ||    25
       Headbutt          |       |     5 ||     5
 Fire: Shortbow          |   147 |   118 ||   265
Armor: Leather armour    |    15 |    25 ||    40
Dodge: Dodged            |    49 |    64 ||   113

Table legend: (Time is in decaauts)
 A = Elapsed time spent in this place.
 B = Non-inter-level travel time spent in this place.
 C = Inter-level travel time spent in this place.
 D = Time resting spent in this place.
 E = Time spent auto-exploring this place.
 F = Levels seen in this place.
 G = Mean time per level.
                   A        B        C        D        E       F      G
               +--------+--------+--------+--------+--------+-----+--------+
         Total |   3631 |   3517 |    114 |      0 |   2975 |   5 |  726.2 |
       Dungeon |   3631 |   3517 |    114 |      0 |   2975 |   5 |  726.2 |
               +--------+--------+--------+--------+--------+-----+--------+

Top non-repeatable levels by time:
     D:1: 1020 daAuts
     D:4: 1015 daAuts
     D:2: 628 daAuts
     D:3: 557 daAuts
     D:5: 410 daAuts
